 Dungeon Crawl Stone Soup version 0.22.1-2-g9c5b331 (webtiles) character file.

129 HerrDoktor the Chiller (level 5, -2/28 HPs)
             Began as a Gargoyle Ice Elementalist on Dec 24, 2018.
             Killed from afar by an orc wizard (6 damage)
             ... with a magic dart
             ... on level 3 of the Dungeon.
             The game lasted 00:12:55 (3070 turns).

HerrDoktor the Chiller (Gargoyle Ice Elementalist)  Turns: 3070, Time: 00:12:56

Health: -2/28      AC:  7    Str: 11    XL:     5   Next: 12%
Magic:  8/8        EV: 12    Int: 17    God:
Gold:   115        SH:  0    Dex: 10    Spells: 2/8 levels left

rFire    . . .     SeeInvis .   d - +2 mace
rCold    . . .     Gourm    .   (no shield)
rNeg     + . .     Faith    .   a - +0 robe
rPois    ∞         Spirit   .   (no helmet)
rElec    +         Reflect  .   (no cloak)
rCorr    .         Harm     .   n - +0 pair of gloves
MR       .....                  (no boots)
Stlth    ++........             (no amulet)
HPRegen  0.09/turn              (no ring)
MPRegen  0.11/turn              (no ring)

@: no status effects
A: negative energy resistance 1, electricity resistance, unbreathing,
petrification resistance, rot immunity, AC +4
a: no special abilities


You were on level 3 of the Dungeon.
You were hungry.

You visited 1 branch of the dungeon, and saw 3 of its levels.

You collected 115 gold pieces.

Inventory:

Hand Weapons
 d - a +2 mace (weapon)
 g - a -3 whip
Armour
 a - a +0 robe (worn)
 n - a +0 pair of gloves (worn)
Jewellery
 m - an uncursed ring of wizardry {unknown}
Scrolls
 b - 2 scrolls of immolation {unknown}
 e - 3 scrolls of identify {unknown}
 f - 2 scrolls of magic mapping {unknown}
 i - a scroll of teleportation {unknown}
 k - a scroll of fear {unknown}
Potions
 h - 2 potions of heal wounds {unknown}
 j - a potion of mutation {unknown}
 o - a potion of ambrosia {unknown}
Comestibles
 c - 7 rations


   Skills:
 + Level 0.7 Fighting
 + Level 1.5 Maces & Flails
 + Level 2.1 Dodging
 + Level 3.4 Stealth
 + Level 2.4 Spellcasting
 + Level 1.5 Conjurations
 + Level 3.8 Ice Magic


You had 2 spell levels left.
You knew the following spells:

 Your Spells              Type           Power        Failure   Level  Hunger
a - Freeze                Ice            ###.         3%          1    #......
b - Throw Frost           Conj/Ice       ##....       10%         2    ##.....
c - Ozocubu's Armour      Chrm/Ice       #.......     26%         3    ###....

Your spell library contained the following spells:

 Spells                   Type           Power        Failure   Level  Hunger
 Throw Icicle             Conj/Ice       ##......     52%         4    #####..
 Summon Ice Beast         Ice/Summ       #.......     63%         4    #####..


Dungeon Overview and Level Annotations

Branches:
Dungeon (3/15)

Altars:
Vehumet

Annotations:
D:3 Natasha


Innate Abilities, Weirdness & Mutations

You are resistant to torment.
Your stone body is resilient. (AC +4)
You are immune to poison.
You resist negative energy. (rN+)
You are resistant to electric shocks. (rElec)
You can survive without breathing.
You are immune to petrification.
You are immune to rotting.


Message History

You hear some strange, mumbled words.
You are confused.
You see here 21 bolts.
You're too confused!
You're too confused to move!
You're too confused to move!
An orc wizard appears from thin air!
Reactivating autopickup.
You're too confused!
You're too confused to move!
The orc wizard closely misses you.
The orc wizard gestures at you while chanting.
The puff of flame hits you!
You're too confused!
You feel less confused.
Natasha mumbles some strange words.
The orc wizard mumbles some strange words.
The orc wizard flickers and vanishes!
Deactivating autopickup; reactivate with Ctrl-A.
A magic dart appears from out of thin air!
The magic dart hits you!
You die...

#.###.# #.#
#.###.######.#.#
#..(.........#.#
#####)########.#######
#(# #.#ho§ho. #.#
#.#.#####
##.########.#.#
######(......{h(...#
........@###.oo...###
.......>.# #.######
.#####...# #.# #####
#.# #.# #.# #.# #.#


You could see Natasha.

Vanquished Creatures
  A gnoll (D:1)
  6 adders
  2 worms
  A dart slug (D:1)
  A leopard gecko (D:1)
  A giant cockroach (D:2)
  8 goblins
  8 hobgoblins
  4 jackals
  9 kobolds
  A ball python (D:1)
  6 bats
  A frilled lizard (D:1)
  15 rats
64 creatures vanquished.

Notes
Turn   | Place    | Note
-------+----------+-------------------------------------------
     0 | D:1      | HerrDoktor the Gargoyle Ice Elementalist began the quest
                  | for the Orb.
     0 | D:1      | Reached XP level 1. HP: 10/10 MP: 3/3
   317 | D:1      | Reached XP level 2. HP: 5/15 MP: 3/5
   579 | D:1      | Learned a level 2 spell: Throw Frost
  1106 | D:1      | Reached XP level 3. HP: 19/19 MP: 6/6
  1111 | D:1      | Learned a level 3 spell: Ozocubu's Armour
  1809 | D:2      | Reached skill level 1 in Maces & Flails
  1927 | D:2      | Reached XP level 4. HP: 8/24 MP: 5/7
  2547 | D:2      | Found a radiant altar of Vehumet.
  2903 | D:3      | Reached XP level 5. HP: 28/28 MP: 5/8
  2983 | D:3      | Noticed Natasha
  3045 | D:3      | HP: 1/28 [goblin/club (2)]
  3070 | D:3      | Killed from afar by an orc wizard

Skill      XL: |  1  2  3  4 |
---------------+-------------+-----
Dodging        | 2 |  2.1
Maces & Flails | 1 |  1.5
Stealth        | 3 |  3.4
Fighting       | |  0.7
Spellcasting   | |  2.4
Conjurations   | |  1.5
Ice Magic      | |  3.8

Action                   |  1- 3 |  4- 6 || total
-------------------------+-------+-------++-------
Melee: Mace              |    75 |    67 ||   142
       Unarmed           |    14 |       ||    14
 Cast: Freeze            |     7 |    18 ||    25
       Throw Frost       |    13 |     3 ||    16
  Use: Scroll            |     5 |       ||     5
 Stab: Sleeping          |     1 |     5 ||     6
       Distracted        |       |     1 ||     1
  Eat: Chunk             |     4 |     4 ||     8
Armor: Robe              |    34 |    29 ||    63
Dodge: Dodged            |    75 |    44 ||   119
